 Dungeon Crawl Stone Soup version 0.31-a0-1576-ga3383bade6 (webtiles) character file.

Game seed: 5166333612538087776

0 innerfire43 the Trooper (level 1, -1/19 HPs)
             Began as a Demonspawn Wanderer on Jan 4, 2024.
             Slain by a jackal (3 damage)
             ... on level 1 of the Dungeon.
             The game lasted 00:00:59 (114 turns).

innerfire43 the Trooper (Demonspawn Wanderer)        Turns: 114, Time: 00:00:59

Health: -1/19      AC:  3    Str: 11    XL:     1   Next: 0%
Magic:  2/2        EV: 10    Int:  8    God:
Gold:   0          SH:  0    Dex: 17    Spells: 1/2 levels left

rFire   . . .        a - +0 dagger
rCold   . . .        (no shield)
rNeg    . . .        d - +0 leather armour
rPois   .            (no helmet)
rElec   .            (no cloak)
rCorr   .            (no gloves)
SInv    .            (no boots)
Will    .....        (no amulet)
Stlth   +            (no ring)
HPRegen 0.23/turn    (no ring)
MPRegen 0.08/turn

%: no passive effects
@: mighty
A: no striking features
a: no special abilities


You were on level 1 of the Dungeon.
You visited 1 branch of the dungeon, and saw 1 of its levels.

Inventory:

Hand Weapons
 a - a +0 dagger (weapon)
Armour
 d - a +0 leather armour (worn)
Wands
 b - a wand of flame (6)
Scrolls
 c - a scroll of summoning
 e - a scroll of fog
 f - a scroll of amnesia {unknown}


   Skills:
 + Level 4.0 Fighting
 + Level 1.0 Armour
 + Level 1.0 Spellcasting
 + Level 2.6 Air Magic
 + Level 1.0 Evocations


You had one spell level left.
You knew the following spells:

 Your Spells              Type           Power      Damage    Failure   Level
a - Shock                 Conj/Air       8%         1d3       30%         1

Your spell library contained the following spells:

 Spells                   Type           Power      Damage    Failure   Level
 Summon Lightning Spire   Summ/Air       2%         N/A       96%         4
 Vhi's Electric Charge    Tloc/Air       4%         N/A       96%         4


Dungeon Overview and Level Annotations

Branches:
Dungeon (1/15)

Altars:


Message History

The jackal closely misses you. The giant cockroach bites you.
The jackal attacks as it pursues you! The jackal bites you.
The jackal completely misses you. The giant cockroach bites you.
The giant cockroach attacks as it pursues you!
The giant cockroach bites you but does no damage.
The jackal bites you but does no damage.
The giant cockroach attacks as it pursues you!
The giant cockroach closely misses you. The jackal bites you.
The giant cockroach bites you but does no damage.
The jackal bites you.
The giant cockroach bites you but does no damage.
You hit the jackal.
The jackal is lightly wounded.
The jackal barely misses you. x2
You closely miss the jackal. The jackal bites you. The jackal misses you.
You hit the jackal but do no damage. The jackal completely misses you.
The jackal bites you. The jackal barely misses you.
The jackal bites you but does no damage.
You closely miss the jackal. The jackal bites you.
* * * LOW HITPOINT WARNING * * *
The jackal bites you.
* * * LOW HITPOINT WARNING * * *
You hit the jackal but do no damage. The jackal barely misses you.
The jackal bites you but does no damage.
It was a potion of might.
You feel very mighty all of a sudden. The jackal closely misses you.
The jackal bites you.
* * * LOW HITPOINT WARNING * * *
The jackal closely misses you. The jackal barely misses you.
You closely miss the jackal. The jackal closely misses you.
The jackal bites you but does no damage.
You barely miss the jackal. The jackal barely misses you.
The jackal bites you but does no damage.
The jackal closely misses you.
The jackal bites you but does no damage.
You hit the jackal.
You kill the jackal!
The jackal bites you.
You die...

#+# #^# # #.#
#..###.##
#......######..
#####..........
#@h.######
###########h#..###
#.
..........Bh##...#
#.#
#####........#####.#
#.# #............#
#.# #.##### #
...##.........#
#.###.....###
#.........#
#..##..##.#.#
#.........#
##.##..##..##
##........#
#.##..##..#.


You could see 3 jackals and a giant cockroach.

Vanquished Creatures
  A jackal (D:1)
1 creature vanquished.

Notes
Turn   | Place    | Note
-------+----------+-------------------------------------------
     0 | D:1      | innerfire43 the Demonspawn Wanderer began the quest for the
                  | Orb.
     0 | D:1      | innerfire43 set off with the following items: a +0 dagger,
                  | a wand of flame (6), a scroll of summoning, a +0 leather
                  | armour, a scroll of fog; and the following spell memorised:
                  | Shock; and the following spells available to memorise:
                  | Summon Lightning Spire, Vhi's Electric Charge.
     0 | D:1      | Reached XP level 1. HP: 19/19 MP: 2/2
   114 | D:1      | Slain by a jackal

Illustrated notes

Levels and vault maps discovered:
D:1:      dpeg_arrival_signposts, layout_basic,
          shapermc_ecumenical_altar_notcrosses

Action                     || total
---------------------------++-------
  Melee: Dagger            ||    15
    Use: Potion            ||     1
 Armour: Leather armour    ||    27
  Dodge: Dodged            ||    26

Table legend: (Time is in decaauts)
 A = Elapsed time spent in this place.
 B = Non-inter-level travel time spent in this place.
 C = Inter-level travel time spent in this place.
 D = Time resting spent in this place.
 E = Time spent auto-exploring this place.
 F = Levels seen in this place.
 G = Mean time per level.
                   A        B        C        D        E       F      G
               +--------+--------+--------+--------+--------+-----+--------+
         Total |    114 |    114 |      0 |      0 |     79 |   1 |  114.0 |
       Dungeon |    114 |    114 |      0 |      0 |     79 |   1 |  114.0 |
               +--------+--------+--------+--------+--------+-----+--------+

Top non-repeatable levels by time:
     D:1: 114 daAuts
